 Dungeon Sprint DCSS version bcrawl-1.27.6 (webtiles) character file.

Game seed: 12809669399756384096

234420 Baz the Covered (level 3, -9/42 HPs)
             Began as a Demonspawn Gladiator on Sept 13, 2020.
             Was an Initiate of Qazlal.
             Mangled by Maxar the pandemonium lord (13 damage)
             ... in the Dungeon (Sprint V: "Ziggurat Sprint").
             The game lasted 00:02:33 (127 turns).

Baz the Covered (Demonspawn Gladiator)               Turns: 127, Time: 00:02:33

Health: -9/42      AC: 28    Str: 32    XL:     3   Next: 37%
Magic:  3/3        EV: 10    Int:  9    God:    Qazlal [......]
Gold:   0          SH:  0    Dex: 14    Spells: 2/2 levels left

rFire    . . .     SeeInvis +   M - +14 obsidian axe {chop, +Fly SInv *Curse} (curse)
rCold    . . .     Gourm    .   (no shield)
rNeg     . . .     Faith    .   K - +15 Maxwell's patent armour {-Cast -Tele rElec MR+ rCorr}
rPois    .         Spirit   .   (helmet restricted)
rElec    +         Reflect  .   (no cloak)
rCorr    +         Harm     .   (no gloves)
MR       +....     NoTele   +   (no boots) Stlth ..........NoCast +
                                (no amulet)
HPRegen  0.14/turn              C - +6 ring of strength
MPRegen  0.08/turn              D - +6 ring of strength

@: berserking (expiring), mesmerised, very quick
A: horns 1, rot immunity
a: Renounce Religion, Evoke Flight


You were in the Dungeon.
You worshipped Qazlal.
Qazlal was noncommittal.
You were not hungry.

You visited 1 branch

Inventory:

Hand Weapons
 M - the cursed +14 obsidian axe (weapon) {chop, +Fly SInv *Curse}
   (You found it in the Dungeon)

   It will always inflict at least some extra damage.
   This minimum extra damage increases with your current reserve of magical
   power.
   It lets you see invisible.
   It lets you fly.
   It curses itself when equipped.
   It has a curse placed upon it.
 N - a +5 broad axe
Missiles
 d - 3 throwing nets {=f}
Armour
 b - a +0 leather armour
 c - a +0 helmet
 K - the +15 Maxwell's patent armour (worn) {-Cast -Tele rElec MR+ rCorr}
   (You found it in the Dungeon)

   It insulates you from electricity.
   It affects your resistance to hostile enchantments.
   It prevents spellcasting.
   It prevents most forms of teleportation.
   It provides partial protection from all sources of acid and corrosion.
 L - the +18 shield of the Gong {rElec rN+ MR+ EV-5}
   (You found it in the Dungeon)

   It affects your evasion (-5).
   It insulates you from electricity.
   It protects you from negative energy.
   It affects your resistance to hostile enchantments.
 O - +5 gold dragon scales
Jewellery
 x - the ring "Wixzem" {+Fly rElec Int-2 SInv}
   (You found it in the Dungeon)

   [ring of flight]

   It affects your intelligence (-2).
   It insulates you from electricity.
   It lets you see invisible.
   It lets you fly.
 y - a +6 ring of dexterity
 z - a +6 ring of dexterity
 A - a +6 ring of intelligence
 B - a +6 ring of intelligence
 C - a +6 ring of strength (left hand)
 D - a +6 ring of strength (right hand)
Wands
 E - a wand of disintegration (7)
 F - a wand of iceblast (7)
 G - a wand of acid (7)
Scrolls
 k - 4 scrolls of blinking
 r - 4 scrolls of amnesia
 s - 7 scrolls of fog
 t - 5 scrolls of identify
 u - 5 scrolls of remove curse
 v - 2 scrolls of fear
Potions
 f - 10 potions of curing
 g - 10 potions of heal wounds
 h - 6 potions of haste
 i - 7 potions of magic
 j - 2 potions of berserk rage
 l - 2 potions of brilliance
 m - 2 potions of invisibility
 n - 4 potions of resistance
 p - 5 potions of agility
 q - 5 potions of might
Miscellaneous
 w - a lightning rod (4/4)
Comestibles
 e - 7 rations {!d}


   Skills:
 + Level 2.9 Fighting
 + Level 3.3 Axes
 - Level 1.7 Throwing
 + Level 7.0 Armour
 + Level 3.3 Dodging


You had 2 spell levels left.
You didn't know any spells.
Your spell library was empty.

Dungeon Overview and Level Annotations

Branches:
Dungeon (1/1)

Altars:
Ashenzari
Cheibriados
Dithmenos
Elyvilon
Fedhas
Gozag
Hepliaklqana
Kikubaaqudgha
Lugonu
Makhleb
Nemelex Xobeh
Okawaru
Qazlal
Ru
Sif Muna
Trog
Uskayaw
Vehumet
Wu Jian
Xom
Yredelemnul
Zin
The Shining One
Beogh
Jiyva

Annotations:
D 1 transporter


Innate Abilities, Weirdness & Mutations

You have a pair of small horns on your head.
You are immune to rotting.


Message History

The redback burns!
The hell rat disappears in a puff of smoke!
The tarantella bites you but does no damage.
Maxar closely misses you. The redback barely misses you.
No path to travel!
You hit Maxar but do no damage.
Snnnck.
You headbutt Maxar!
Maxar is moderately wounded.
You slash the tarantella!
You break out of your daze!
You kill the tarantella!
The tarantella's corpse disappears in a puff of smoke!
You slash the hell rat!
You kill the hell rat!
The hell rat's corpse disappears in a puff of smoke!
You slice the redback!!
You kill the redback!
The redback's corpse disappears in a puff of smoke!
Visions of slaying Maxar flood into your mind.
Maxar hits you!
You die...

▓▓▓▓▓▓▓
▓.8©8.▓
▓.....▓
▓.[.).▓
▓.rr..▓
▓.§&§.▓
▓.§@§.▓
▓▓▓▓▓▓▓


You could see Maxar (invisible) and 2 hell rats.

Vanquished Creatures
  A crimson imp (D)
1 creature vanquished.

Notes
Turn   | Place    | Note
-------+----------+-------------------------------------------
     0 | D        | Baz the Demonspawn Gladiator began the quest for the Orb.
     0 | D        | Reached XP level 1. HP: 16/16 MP: 1/1
     2 | D        | Found a blossoming altar of Fedhas.
     3 | D        | Found the +6 Majin-Bo {vamp, *Drain Str+12 Int+24}
     3 | D        | Found the +9 heavy crossbow "Sniper" {velocity, Acc+∞ SInv}
     3 | D        | Found the +10 dark maul {crush}
     3 | D        | Found the +15 Maxwell's patent armour {-Cast -Tele rElec
                  | MR+ rCorr}
     3 | D        | Found the +18 shield of the Gong {rElec rN+ MR+ EV-5}
     3 | D        | Found the cursed +14 obsidian axe {chop, +Fly SInv *Curse}
     3 | D        | Found the +7 great mace "Firestarter" {inner flame, rF++}
     3 | D        | Found the +6 shillelagh "Devastator" {shatter}
     3 | D        | Found the +11 plutonium sword {*Contam Stlth-}
     3 | D        | Found the +8 lance "Wyrmbane" {slay drac, rPois rF+ rC+
                  | AC+3}
     3 | D        | Found the +9 sword of Zonguldrok {reap}
     3 | D        | Found the cursed +13 scythe of Curses {drain, *Curse}
     3 | D        | Found the +0 sword of Power
     3 | D        | Found the +7 mace of Variability {chain chaos}
     3 | D        | Found the +7 Singing Sword {slice}
     3 | D        | Found the +7 longbow "Piercer" {penet, EV-2}
     5 | D        | Found a shimmering blue altar of Sif Muna.
     5 | D        | Found a sacrificial altar of Ru.
     5 | D        | Found a bloodstained altar of Trog.
     5 | D        | Found a stormy altar of Qazlal.
     5 | D        | Found an iron altar of Okawaru.
     5 | D        | Found a sparkling altar of Nemelex Xobeh.
     7 | D        | Found a transporter.
     7 | D        | Found an ancient bone altar of Kikubaaqudgha.
     7 | D        | Found a viscous altar of Jiyva.
     7 | D        | Found a corrupted altar of Lugonu.
     7 | D        | Found a hazy altar of Hepliaklqana.
     7 | D        | Found a burning altar of Makhleb.
     7 | D        | Found an opulent altar of Gozag.
    19 | D        | Got the ring "Wixzem" {+Fly rElec Int-2 SInv}
    83 | D        | Reached skill level 6 in Armour
    83 | D        | Gained mutation: You have a pair of small horns on your
                  | head. [demonic ancestry]
    83 | D        | Reached XP level 2. HP: 22/22 MP: 2/2
   106 | D        | Became a worshipper of Qazlal Stormbringer
   115 | D        | Entered arena 2.
   115 | D        | Noticed a crimson imp
   115 | D        | Noticed Maxar the pandemonium lord
   115 | D        | Found a transporter.
   119 | D        | Killed a crimson imp
   119 | D        | Reached skill level 7 in Armour
   119 | D        | Gained mutation: You are immune to rotting. [demonic
                  | ancestry]
   119 | D        | Reached XP level 3. HP: 28/28 MP: 3/3
   122 | D        | Noticed a redback
   124 | D        | Noticed a tarantella
   127 | D        | Mangled by Maxar the pandemonium lord

Skill      XL: |  1  2 |
---------------+-------+-----
Armour         | 6 7 |  7.0
Axes           | 3 |  3.3
Dodging        | 3 |  3.3
Fighting       | |  2.9
Throwing       | |  1.7

Action                   || total
-------------------------++-------
Melee: Broad axe         ||    11
       Headbutt          ||     5
  Use: Potion            ||     2
Armor: Plate armour      ||     7
Dodge: Dodged            ||     6
